 Dungeon Crawl Stone Soup version 0.29-a0-284-gf9362112df (webtiles) character file.

Game seed: 13719574796154544260

4 spaghetti the Sneak (level 1, -18/18 HPs)
             Began as a Demonspawn Delver on Mar 24, 2022.
             Killed from afar by an orc (36 damage)
             ... with a bolt of acid
             ... on level 4 of the Dungeon.
             The game lasted 00:00:43 (350 turns).

spaghetti the Sneak (Demonspawn Delver)              Turns: 350, Time: 00:00:44

Health: -18/18     AC:  3    Str: 12    XL:     1   Next: 58%
Magic:  1/1        EV: 11    Int: 11    God:
Gold:   9          SH:  0    Dex: 14    Spells: 0/0 levels left

rFire   . . .      SeeInvis .   a - +0 mace {mace}
rCold   . . .      Faith    .   (no shield)
rNeg    . . .      Spirit   .   b - +0 leather armour
rPois   .          Reflect  .   (no helmet)
rElec   .          Harm     .   (no cloak)
rCorr   .          Rampage  .   (no gloves)
Will    .....                   (no boots)
Stlth   ++........              (no amulet)
HPRegen 0.06/turn               (no ring)
MPRegen 0.07/turn               (no ring)

@: no status effects
A: no striking features
a: no special abilities


You were on level 4 of the Dungeon.
You visited 1 branch of the dungeon, and saw 3 of its levels.

You collected 9 gold pieces.


   Skills:
 - Level 3.0 Fighting
 - Level 2.2 Maces & Flails
 - Level 1.7 Dodging
 + Level 4.5 Stealth


You couldn't memorise any spells.
You didn't know any spells.
Your spell library contained the following spells:

 Spells                   Type           Power      Damage    Failure   Level
 Pain                     Necr           0%         1d4       41%         1
 Vampiric Draining        Necr           0%         2d6       80%         3
 Ozocubu's Refrigeration  Ice            0%         4d5       100%        7
 Death's Door             Necr           0%         N/A       100%        9

Inventory:

Hand Weapons
 a - a +0 mace (weapon) {mace}
Armour
 b - a +0 leather armour (worn)
 d - a +0 cloak
   (You found it on level 4 of the Dungeon)
Wands
 g - a wand of digging (3)
Scrolls
 c - a scroll of fog
 e - a scroll of fear
Potions
 f - a potion of haste {@q3}

Dungeon Overview and Level Annotations

Branches:
Dungeon (6/15)
 Temple: D:4-7

Altars:

. .. .#.###### ........#
.o......# #####
........######...#
#S.......o..##.#.########
........###@...#...##>..#
#.......# #.<#####....#.##
#.......# #....#.........#
####.#### #....#.##.##.#.# #.#
####...##)##.#.# .# ###.#####
######.##...# .#
#.......##########.####.#
.######.#...†.........##......#
........##>....##.....#######.#


You could see an orc.


Message History

You hear the hiss of flowing sand.
There is an entrance to an ossuary on this level.
Hurry and find it before the portal is buried! 🤖 Initializing magus.rc ...
Options error: Delay interrupt name "hungry" not recognised. (~/.crawlrc:4761) Options error: Bad monster_list_colour key: strict_neutral (~/.crawlrc:4776) ✅ Successfully initialized magus.rc [v1.9.6] Welcome, spaghetti the Demonspawn Delver.
Below lies the Orb of Zot, rumoured to be powerful enough to resurrect a god...
Press ? for a list of commands and other information.
Found a stone staircase leading down.
You climb downwards.
There is a stone staircase leading up here.
A centaur comes into view.
Found an escape hatch in the ceiling.
There is a stone staircase leading up here.
You climb upwards.
You hear the hiss of flowing sand.
There is an entrance to an ossuary on this level.
Hurry and find it before the portal is buried!
There is a stone staircase leading down here.
Really read
d - a scroll of magic mapping {!r}?
As you read the scroll of magic mapping {!r}, it crumbles to dust.
You feel aware of your surroundings.
You sensed 1 shop/portal.
(D) Dungeon
Where to? (? - help)
Found a stone staircase leading up.
There is a stone staircase leading up here.
You climb upwards.
The ball python hisses angrily.
There is a stone staircase leading down here.
A ball python is nearby!
A ball python is nearby!
You sock the ball python!
You kill the ball python!
You see here a ball python corpse.
d - a scroll labelled RELIGU UNUGYE Key pressed, stopping explore.
An orc comes into view. It is wielding a +0 flail.
As you read the scroll labelled RELIGU UNUGYE, it crumbles to dust.
You feel strangely unstable.
It was a scroll of teleportation.
The helpless orc fails to defend itself.
You sock the orc!
You kill the orc!
Your surroundings suddenly seem different.
Your Maces & Flails skill increases to level 2!
You pick up the Disquisition on Dark Ice and begin reading...
You add the spells Pain, Vampiric Draining, Ozocubu's Refrigeration and Death's Door to your library.
Found a stone staircase leading up.
You now have 9 gold pieces.
Found a stone staircase leading up.
Key pressed, stopping explore.
Things that are here:
a +0 flail {mace}; an orc corpse
Found a stone staircase leading down.
A goblin comes into view. It is wielding a +0 club.
The goblin shouts!
A goblin is nearby!
The goblin hits you with a +0 club. 😕 HP[-2]
You take 2 damage, and now have 16/18 hp.
You hit the goblin.
You kill the goblin!
Things that are here:
a +0 club {mace}; a goblin corpse Key pressed, stopping explore.
Things that are here:
a +0 club {mace}; a goblin corpse
Found an escape hatch in the ceiling. 😎 HP[+2]
Your hp is fully restored (18).
There is an escape hatch in the ceiling here.
An orc comes into view. It is wielding a +0 club.
An orc is nearby!
An adder comes into view.
Unknown command.
Unknown command.
An orc comes into view.
It is wielding a +0 club and carrying a wand of acid (14).
The orc shouts!
You hear a shout! x2
You see here a +0 cloak.
d - a +0 cloak
Okay, then.
The orc zaps a wand.
The bolt of acid hits you!!!
Ouch! That really hurt!
You die...

Skill      XL: |  1 |
---------------+----+-----
Maces & Flails | 2 |  2.2
Fighting       | |  3.0
Dodging        | |  1.7
Stealth        | |  4.5

Action                   || total
-------------------------++-------
Melee: Mace              ||     3
  Use: Scroll            ||     2
 Stab: Sleeping          ||     1

Levels and vault maps discovered:
D:4:      layout_loops_cross, minmay_temple_entry_nine_rooms,
          mrwooster_statue_mirror
D:5:      layout_basic, nicolae_ossuary_entry_plus
D:6:      layout_cave_pools, st_stairs_14

Notes
Turn   | Place    | Note
-------+----------+-------------------------------------------
     0 | D:5      | spaghetti the Demonspawn Delver began the quest for the
                  | Orb.
     0 | D:5      | Reached XP level 1. HP: 18/18 MP: 1/1
     0 | D:5      | magus.rc [v1.9.6]
     5 | D:6      | Noticed a centaur
    88 | D:4      | Reached skill level 2 in Maces & Flails
    91 | D:4      | You add the spells Pain, Vampiric Draining, Ozocubu's
                  | Refrigeration and Death's Door to your library.
    91 | D:4      | Got the Disquisition on Dark Ice
   350 | D:4      | Killed from afar by an orc

Vanquished Creatures
  An orc (D:4)
  A ball python (D:4)
  A goblin (D:4)
3 creatures vanquished.

Table legend:
 A = Non-vault XP
 B = Vault XP
 C = Vault XP percentage of total XP
 D = Non-vault monster count
 E = Vault monster count
 F = Vault count percentage of total count
                 A         B        C        D         E       F
            +---------+---------+-------+---------+---------+-------
      Total |       7 |       0 |   0.0 |       3 |       0 |   0.0
            +---------+---------+-------+---------+---------+-------
        D:4 |       7 |       0 |   0.0 |       3 |       0 |   0.0
            +---------+---------+-------+---------+---------+-------

Illustrated notes

Table legend:
 A = Kills in this place as a percentage of kills in entire the game.
 B = Kills by you in this place as a percentage of kills by you in the entire game.
 C = Kills by friends in this place as a percentage of kills by friends in the entire game.
 D = Other kills in this place as a percentage of other kills in the entire game.
 E = Experience gained in this place as a percentage of experience gained in the entire game.
 F = Experience gained in this place divided by the number of levels of this place that you have seen.
                   A       B       C       D       E      F
               +-------+-------+-------+-------+-------+----------------------
         Total | 100.0 | 100.0 |   N/A |   N/A | 100.0 |   2.3
       Dungeon | 100.0 | 100.0 |   N/A |   N/A | 100.0 |   2.3
               +-------+-------+-------+-------+-------+----------------------

Table legend: (Time is in decaauts)
 A = Elapsed time spent in this place.
 B = Non-inter-level travel time spent in this place.
 C = Inter-level travel time spent in this place.
 D = Time resting spent in this place.
 E = Time spent auto-exploring this place.
 F = Levels seen in this place.
 G = Mean time per level.
                   A        B        C        D        E       F      G
               +--------+--------+--------+--------+--------+-----+--------+
         Total |    351 |    338 |     13 |      0 |    293 |   3 |  117.0 |
       Dungeon |    351 |    338 |     13 |      0 |    293 |   3 |  117.0 |
               +--------+--------+--------+--------+--------+-----+--------+

Top non-repeatable levels by time:
     D:4: 321 daAuts
     D:5: 20 daAuts
     D:6: 8 daAuts
